 Dungeon Crawl Stone Soup version 0.31.0-11-ge490571c62 (webtiles) character file.

Game seed: 18214286070026946640

100316 sanka the Brawler (level 15, -8/154 HPs)
             Began as a Troll Monk on Feb 2, 2024.
             Was a High Priest of Okawaru.
             Mangled by a bone dragon (12 damage)
             ... called by a doom hound
             ... on level 1 of the Depths.
             The game lasted 00:29:59 (16846 turns).

sanka the Brawler (Troll Monk)                     Turns: 16846, Time: 00:30:00

Health: -8/154     AC:  6    Str: 28 (29) XL:     15   Next: 80%
Magic:  0/18       EV: 13    Int:  6      God:    Okawaru [*****.]
Gold:   610        SH: 30    Dex: 18      Spells: 14/14 levels left

rFire   + .          .
                       - Unarmed
rCold   + . .        U - +0 tower shield
rNeg    . . .        g - +2 robe {rC+ rF+}
rPois   .            (helmet restricted)
rElec   .            i - +0 cloak
rCorr   .            (gloves unavailable)
SInv    .            (boots unavailable)
Will    ++...        F - amulet of reflection
Stlth   +++          h - +6 ring of strength
HPRegen 1.25/turn    R - ring of willpower
MPRegen 0.16/turn

%: reflection
@: heroic, doom-hounded
A: large, unfitting armour, claws 3, regeneration 1, shaggy fur 1, tough skin 1,
large bone plates 1, deformed body, MP-powered wands
a: Renounce Religion, Heroism, Finesse, Duel


You were on level 1 of the Depths.
You worshipped Okawaru.
Okawaru was extremely pleased with you.
You visited 3 branches of the dungeon, and saw 18 of its levels.
You also visited: Sewer and Ossuary.

You collected 1246 gold pieces.
You spent 636 gold pieces at shops.


Innate Abilities, Weirdness & Mutations

You are too large for most types of armour.
You have claws for hands.
Your natural rate of healing is unusually fast.
You are covered in fur. (AC +1)
You have tough skin. (AC +1)
You are partially covered in large bone plates. (SH +4)
Armour fits poorly on your strangely shaped body.
You expend magic power (3 MP) to strengthen your wands.


   Skills:
 + Level 11.4(16.4) Fighting
 - Level 2.4(7.4) Dodging
 + Level 11.6(16.6) Shields
 * Level 19.4(24.4) Unarmed Combat
 + Level 6.4 Invocations


You had 14 spell levels left.
You didn't know any spells.
Your spell library contained the following spells:

 Spells                   Type           Power      Damage    Failure   Level
 Cigotuvi's Dreadful Rot  Necr/Alch/Air  0%         N/A       82%         2
 Mercury Vapours          Alch/Air       0%         N/A       82%         2
 Momentum Strike          Conj/Tloc      0%         3d8       82%         2
 Mephitic Cloud           Conj/Alch/Air  0%         N/A       96%         3
 Ozocubu's Armour         Ice            0%         N/A       96%         3
 Volatile Blastmotes      Fire/Tloc      0%         2d10      96%         3
 Dispel Undead            Necr           0%         3d6       100%        4
 Fulminant Prism          Conj/Alch      0%         3d5       100%        4
 Iskenderun's Mystic Bla  Conj/Tloc      0%         2d3       100%        4
 Olgreb's Toxic Radiance  Alch           0%         N/A       100%        4
 Freezing Cloud           Conj/Ice/Air   0%         6-21      100%        5
 Metabolic Englaciation   Hex/Ice        0%         N/A       100%        5
 Martyr's Knell           Necr/Summ      Unusable   N/A       N/A         4
 Death Channel            Necr           Unusable   N/A       N/A         6
 Sculpt Simulacrum        Ice/Alch       Unusable   N/A       N/A         6
 Spellforged Servitor     Conj/Summ      Unusable   N/A       N/A         7

Inventory:

Hand Weapons
 b - a +7 scimitar of flaming
Missiles
 v - 2 throwing nets {=f}
 S - 5 curare-tipped darts {=f}
Armour
 c - an orb of light
 g - a +2 robe of resistance (worn)
 i - a +0 cloak (worn)
 k - +0 fire dragon scales
 U - a +0 tower shield (worn)
 V - a +0 troll leather armour
Magical Staves
 r - a staff of conjuration {!a}
Jewellery
 f - a ring of protection from cold
 h - a +6 ring of strength (left claw)
 t - a ring of magical power
 F - an amulet of reflection (around neck)
 L - a ring of protection from cold
 R - a ring of willpower (right claw)
Wands
 m - a wand of mindburst (19)
 A - a wand of iceblast (5)
 E - a wand of flame (14) (quivered)
 J - a wand of light (3)
Scrolls
 e - 8 scrolls of fear
 j - 7 scrolls of revelation
 l - 2 scrolls of butterflies
 n - 7 scrolls of teleportation {@r4}
 o - 7 scrolls of vulnerability {!r}
 p - 3 scrolls of brand weapon
 u - 4 scrolls of poison {!r}
 y - 2 scrolls of enchant armour
 G - 3 scrolls of fog
 N - 2 scrolls of blinking
 P - a scroll of noise {!r}
Potions
 a - a potion of heal wounds {@q2}
 d - 2 potions of might {unknown}
 q - 3 potions of enlightenment
 s - a potion of degeneration {unknown}
 x - 4 potions of cancellation {unknown}
 z - 2 potions of haste {unknown}
 B - 5 potions of resistance
 C - 6 potions of mutation {!q}
 D - 2 potions of magic {unknown}
 H - 7 potions of curing {@q1}
 I - 2 potions of attraction {unknown}
 K - 2 potions of berserk rage {unknown}
 M - a potion of lignification {unknown}
 T - a potion of ambrosia

Dungeon Overview and Level Annotations

Branches:
Dungeon (15/15)            Temple (1/1) D:4            Lair (0/5) D:8
    Orc (0/2) D:10         Vaults (0/5) D:13         Depths (2/4) D:15
  Sewer (visited)         Ossuary (visited)

Altars:
Ashenzari
Cheibriados
Dithmenos
Elyvilon
Fedhas
Gozag
Hepliaklqana
Kikubaaqudgha
Makhleb
Nemelex Xobeh
Okawaru
Qazlal
Ru
Sif Muna
Trog
Uskayaw
Vehumet
Wu Jian
Xom
Yredelemnul
Zin
The Shining One
Lugonu

Shops:
D:7 !   D:9 :   D:15 ?

Portals:
Hell: Depths:1
Ziggurat: Depths:1

Annotations:
D:8 exclusion: downstairs
D:9 1 runed translucent door, Raspi's ghost, novice MiDe
D:10 exclusion: downstairs
D:13 exclusion: downstairs
Depths:2 Grunn

▒▒▒▒▒▒▒▒ .......▒ .......▒
.......▒▒▒▒▒▒▒▒▒▒▒▒▒
.......▒▒.......2..▒▒▒▒▒▒▒▒▒▒
.......').▒▒▒▒▒▒2.>.........▒
.......▒▒(▒▒▒ ▒D▒▒▒▒▒▒▒▒▒▒.▒
.......▒▒...▒ ▒T▒ ▒.▒
.......▒▒▒▒.▒ ▒2▒ ▒.▒ .......▒
▒.▒ ▒.▒ ▒)▒ ▒'▒▒▒▒▒▒ ▒.▒ ▒.▒
▒.▒ ▒.▒ ▒.▒ ▒.▒▒▒▒▒ ▒▒.▒ ▒.▒
▒▒▒▒▒▒▒.▒ ▒.....▒▒▒▒▒..▒
▒.▒▒▒.....▒.▒▒▒▒.▒..........▒
......▒▒▒.....).[..▒.▒▒▒▒▒'▒▒▒
.▒▒▒▒.▒ ▒.▒.▒▒▒▒.▒.▒.▒..^....▒


You could see a bone dragon and 3 reapers.


Message History

You feel your power leaking away. You block the reaper's attack.
Unknown command.
You block the reaper's attack. The reaper misses you.
The bone dragon bites you but does no damage.
You block the bone dragon's attack. You block the bone dragon's attack.
A reaper comes into view. It is wielding a +1 scythe.
The reaper hits you from afar with a +2 antimagic scythe!!
* * * LOW HITPOINT WARNING * * *
The reaper drags you backwards!
You feel your power leaking away. The reaper beckons to you.
You block the reaper's attack.
The reaper hits you from afar with a +1 scythe!
* * * LOW HITPOINT WARNING * * *
The reaper drags you backwards!
Unknown command.
You scratch the reaper.
The reaper is lightly wounded.
The reaper hits you from afar with a +2 antimagic scythe!
* * * LOW HITPOINT WARNING * * *
Unknown command.
Unknown command.
You scratch the reaper.
The reaper is lightly wounded.
You block the reaper's attack. The bone dragon bites you!
You die...

Action                     |  1- 3 |  4- 6 |  7- 9 | 10-12 | 13-15 || total
---------------------------+-------+-------+-------+-------+-------++-------
  Melee: Unarmed           |    54 |   142 |   260 |   186 |   513 ||  1155
         Scimitar          |       |       |       |       |    12 ||    12
 Invoke: Heroism           |       |       |       |     1 |    17 ||    18
         Finesse           |       |       |       |       |     1 ||     1
  Evoke: Wand              |       |       |       |       |    11 ||    11
    Use: Scroll            |       |       |    11 |     6 |     7 ||    24
         Potion            |       |       |     1 |     2 |     7 ||    10
 Armour: Robe              |    36 |    84 |   185 |   127 |   254 ||   686
         Troll leather arm |       |       |       |       |    51 ||    51
  Dodge: Dodged            |    32 |    53 |   109 |    76 |   101 ||   371
  Block: Tower shield      |       |       |       |       |   496 ||   496
         Reflection        |       |       |       |       |    29 ||    29

Levels and vault maps discovered:
D:1:      heliophobic_arrival_henge, layout_rooms,
          chequers_ecumenical_altar_simple
D:2:      layout_basic
D:3:      layout_basic, nicolae_overflow_ecumenical_swirl, uniq_jessica,
          uniq_ijyb, uniq_robin
D:4:      layout_basic, mainiacjoe_overflow_alcove_2, minmay_temple_entry_glass,
          minivault_25
D:5:      layout_basic, nicolae_gozag_cash_rules_everything_around_me,
          mainiacjoe_overflow_concentric_impassable, mainiacjoe_overflow_paths,
          portal_sewer_entry_a
D:6:      layout_cave_pools, vehumet_altar_wand_db, tso_oasis_becter,
          slow_altar_2, mainiacjoe_overflow_surrounded_room, enter_ossuary_4,
          nicolae_zig_zag_zippers, uniq_sigmund
D:7:      nicolae_cairo_tiling_very_big, layout_loops_cross, serial_shops, shop,
          minivault_1, st_stairs_4, chequers_serial_rivers_micro_c
D:8:      layout_loops_ring, kennysheep_mini, lemuel_doored_altar,
          pdpol_wu_jian_five_deadly_venoms, lemuel_zombie_altar_kikubaaqudgha,
          lair_entry_dummy
D:9:      layout_grid_maze, gammafunk_ghost_grave, nicolae_shop_vocational
D:10:     layout_basic, erik_orc_4
D:11:     layout_rooms
D:12:     layout_irregular_city
D:13:     erik_rubicon_a, layout_gridville, grunt_vaults_entry_fortified,
          fountainhead, uniq_urug, uniq_rupert
D:14:     layout_roguey, serial_undead, serial_undead_e, serial_undead_a,
          serial_undead_e, serial_undead_f, serial_undead_d, uniq_lodul
D:15:     hangedman_depths_entry_civil_slaughter, layout_small_grid,
          serial_shops, shop, nicolae_triple_integral,
          dreamdust_princess_corridor
Temple:   corrupted_temple
Depths:1: layout_gridlike, enter_ziggurat_a, pf_vacation_house_of_asmodeus,
          ebering_ghost_rock_garden, nemelex_diamond_rough_becter,
          firewood_loft, serial_bayou_shore_b
Depths:2: minmay_outward_triangles, layout_gridville, grunt_pan_entry_zigzag,
          nicolae_titane, hell_entry, st_stairs_9,
          amcnicky_mini_corridor_feature, grunt_megastairs_3, uniq_enchantress,
          uniq_grunn

Notes
Turn   | Place    | Note
-------+----------+-------------------------------------------
     0 | D:1      | sanka the Troll Monk began the quest for the Orb.
     0 | D:1      | Reached XP level 1. HP: 22/22 MP: 0/0
   169 | D:1      | Reached XP level 2. HP: 29/29 MP: 1/1
   254 | D:1      | Found a faded altar of an unknown god.
   476 | D:2      | Reached skill level 3 in Fighting
   477 | D:2      | Reached XP level 3. HP: 32/37 MP: 2/2
   774 | D:2      | Reached skill level 4 in Unarmed Combat
   990 | D:2      | Reached XP level 4. HP: 44/45 MP: 3/3
   994 | D:4      | Found a stormy altar of Qazlal.
  1114 | D:4      | Reached skill level 5 in Unarmed Combat
  1136 | D:3      | Found a sparkling altar of Nemelex Xobeh.
  1138 | D:3      | Found a faded altar of an unknown god.
  1348 | D:3      | Noticed Ijyb
  1355 | D:3      | Killed Ijyb
  1356 | D:3      | Reached XP level 5. HP: 52/53 MP: 4/4
  1481 | D:3      | Noticed Robin
  1494 | D:3      | Killed Robin
  1738 | D:3      | Noticed Jessica
  1744 | D:3      | Killed Jessica
  1745 | D:3      | Reached skill level 6 in Unarmed Combat
  2506 | D:4      | Found a staircase to the Ecumenical Temple.
  2522 | Temple   | Entered the Ecumenical Temple
  3143 | D:4      | Reached XP level 6. HP: 46/61 MP: 5/5
  3223 | D:5      | Entered Level 5 of the Dungeon
  3224 | D:5      | Found an iron altar of Okawaru.
  3238 | D:5      | Became a worshipper of Warmaster Okawaru
  3238 | D:5      | Reached * piety under Okawaru
  3238 | D:5      | Reached ** piety under Okawaru
  3249 | D:5      | Reached skill level 7 in Unarmed Combat
  3281 | D:5      | Reached skill level 1 in Invocations
  3283 | D:5      | Found a glowing drain.
  3311 | Sewer    | Entered a sewer
  3576 | Sewer    | Reached XP level 7. HP: 63/67 MP: 7/7
  3900 | D:5      | Reached skill level 2 in Invocations
  3946 | D:5      | Reached skill level 8 in Unarmed Combat
  4271 | D:5      | Found a bloodstained altar of Trog.
  4381 | D:5      | Found an opulent altar of Gozag.
  4391 | D:5      | Reached *** piety under Okawaru
  4392 | D:5      | Reached skill level 3 in Invocations
  4532 | D:5      | Reached XP level 8. HP: 38/75 MP: 9/9
  4619 | D:6      | Reached skill level 9 in Unarmed Combat
  4646 | D:6      | Found a radiant altar of Vehumet.
  4664 | D:6      | Found a glowing golden altar of the Shining One.
  4724 | D:6      | Found a sand-covered staircase.
  4737 | Ossuary  | Entered an ossuary
  4778 | Ossuary  | Reached skill level 4 in Invocations
  4905 | Ossuary  | Reached **** piety under Okawaru
  4906 | Ossuary  | Reached skill level 10 in Unarmed Combat
  5051 | Ossuary  | Reached skill level 5 in Invocations
  5127 | D:6      | Noticed Sigmund
  5135 | D:6      | Killed Sigmund
  5222 | D:6      | Found a snail-covered altar of Cheibriados.
  5370 | D:6      | Found a shimmering blue altar of Sif Muna.
  5431 | D:7      | Reached skill level 4 in Fighting
  5586 | D:7      | Reached XP level 9. HP: 77/84 MP: 11/11
  5745 | D:7      | Found Aray's Distillery.
  5777 | D:7      | Reached skill level 5 in Fighting
  5868 | D:7      | Paralysed by a hornet for 3 turns
  5874 | D:7      | Reached skill level 6 in Fighting
  5874 | D:7      | HP: 4/92 [poisoned by a hornet]
  6240 | D:8      | Reached skill level 7 in Fighting
  6339 | D:8      | Reached ***** piety under Okawaru
  6518 | D:8      | Found a glowing silver altar of Zin.
  6583 | D:8      | Found a staircase to the Lair.
  6610 | D:8      | Found a white marble altar of Elyvilon.
  6685 | D:8      | Found an ancient bone altar of Kikubaaqudgha.
  6815 | D:8      | Found an ornate altar of the Wu Jian Council.
  6941 | D:9      | Noticed a two-headed ogre
  6952 | D:9      | Killed a two-headed ogre
  6952 | D:9      | Received a gift from Okawaru
  6953 | D:9      | Reached skill level 8 in Fighting
  6953 | D:9      | Reached XP level 10. HP: 80/104 MP: 12/12
  6974 | D:9      | Found Icachur's Vocational Training.
  7702 | D:9      | Found a runed translucent door.
  7702 | D:9      | Noticed Raspi's ghost (novice MiDe)
  8271 | D:10     | Entered Level 10 of the Dungeon
  8329 | D:10     | Reached skill level 11 in Unarmed Combat
  8331 | D:10     | Reached skill level 9 in Fighting
  8332 | D:10     | Received a gift from Okawaru
  8442 | D:10     | Found a staircase to the Orcish Mines.
  9106 | D:11     | Reached XP level 11. HP: 112/117 MP: 13/13
  9118 | D:11     | Received a gift from Okawaru
  9119 | D:11     | Reached skill level 12 in Unarmed Combat
  9200 | D:11     | Reached skill level 10 in Fighting
  9479 | D:7      | Bought a potion of experience for 600 gold pieces
  9479 | D:7      | Reached skill level 14 in Unarmed Combat
  9479 | D:7      | Reached XP level 12. HP: 126/126 MP: 14/14
  9480 | D:7      | Reached skill level 16 in Unarmed Combat
  9480 | D:7      | Reached XP level 13. HP: 133/133 MP: 15/15
  9481 | D:7      | Reached skill level 18 in Unarmed Combat
  9481 | D:7      | Reached XP level 14. HP: 143/143 MP: 16/16
  9576 | D:7      | Bought a potion of curing for 36 gold pieces
 10526 | D:12     | Got the Precepts of Transformed Violence
 10753 | D:13     | Noticed Urug
 10763 | D:13     | Killed Urug
 11269 | D:14     | Reached skill level 1 in Shields
 11318 | D:14     | Reached skill level 2 in Shields
 11480 | D:14     | Identified the +6 glaive "Ymiskum" {drain, ^Drain Str+4
                  | Dex+3}
 11506 | D:14     | Reached skill level 3 in Shields
 11511 | D:14     | Received a gift from Okawaru
 11512 | D:14     | Reached ****** piety under Okawaru
 11522 | D:14     | HP: 10/144 [four-headed hydra (13)]
 11522 | D:14     | HP: 2/144 [four-headed hydra (8)]
 11527 | D:14     | HP: 3/144 [two-headed hydra (11)]
 11531 | D:14     | Reached skill level 4 in Shields
 11709 | D:14     | Reached skill level 5 in Shields
 11869 | D:14     | Noticed Lodul
 11875 | D:14     | Killed Lodul
 11896 | D:14     | Identified the scarf of the Arcane {harm, rPois rC- rCorr
                  | Str+2}
 11985 | D:14     | Reached skill level 6 in Shields
 12492 | D:13     | Noticed Rupert
 12504 | D:13     | Killed Rupert
 12505 | D:13     | Reached skill level 7 in Shields
 12814 | D:13     | Reached skill level 8 in Shields
 12832 | D:13     | Received a gift from Okawaru
 13052 | D:13     | HP: 6/144 [deep elf knight/lance of force (39)]
 13052 | D:13     | Identified a +2 robe of resistance
 13161 | D:13     | Gained mutation: You are vulnerable to cold. (rC-) [a
                  | neqoxec]
 13239 | D:13     | Reached skill level 9 in Shields
 13303 | D:13     | Found a gate to the Vaults.
 13662 | D:15     | Entered Level 15 of the Dungeon
 13705 | D:15     | Found Keppujao's Magic Scroll Boutique.
 13765 | D:15     | Reached XP level 15. HP: 149/152 MP: 17/17
 13964 | D:15     | Reached skill level 10 in Shields
 13965 | D:15     | Received a gift from Okawaru
 14411 | D:15     | Found a staircase to the Depths.
 14642 | D:15     | Identified 5 potions of resistance
 14649 | D:15     | Reached skill level 11 in Shields
 14782 | Depths:1 | Entered Level 1 of the Depths
 14903 | Depths:1 | Noticed a fire giant
 14917 | Depths:1 | Noticed a frost giant
 14986 | Depths:1 | Killed a fire giant
 15086 | Depths:1 | Found a sparkling altar of Nemelex Xobeh.
 15231 | Depths:1 | Reached skill level 11 in Fighting
 15388 | Depths:1 | Found a gateway to Hell.
 15504 | Depths:1 | Noticed a fire giant
 15516 | Depths:1 | Killed a fire giant
 15666 | Depths:1 | Reached skill level 19 in Unarmed Combat
 15946 | Depths:1 | Found a one-way gateway to a ziggurat.
 15952 | Depths:1 | Reached skill level 6 in Invocations
 16032 | Depths:1 | Noticed a fire giant
 16047 | Depths:1 | Killed a fire giant
 16047 | Depths:1 | Received a gift from Okawaru
 16144 | Depths:1 | Found a runed translucent gate.
 16145 | Depths:1 | Found a runed translucent gate.
 16145 | Depths:1 | Found a runed translucent gate.
 16162 | Depths:1 | Noticed sanka's ghost (journeyman TrMo)
 16423 | Depths:1 | Killed sanka's ghost
 16652 | Depths:2 | Identified +0 fire dragon scales
 16723 | Depths:1 | Lost mutation: You are vulnerable to cold. (rC-) [potion of
                  | mutation]
 16723 | Depths:1 | Gained mutation: Armour fits poorly on your strangely
                  | shaped body. [potion of mutation]
 16723 | Depths:1 | Gained mutation: You are partially covered in large bone
                  | plates. (SH +4) [potion of mutation]
 16723 | Depths:1 | Gained mutation: You expend magic power (3 MP) to
                  | strengthen your wands. [potion of mutation]
 16739 | Depths:2 | Noticed a tengu reaver
 16774 | Depths:2 | Killed a tengu reaver
 16799 | Depths:1 | Identified the +4 quarterstaff of Zezin {venom, Int+5}
 16816 | Depths:2 | Noticed a doom hound
 16817 | Depths:2 | Noticed Grunn
 16835 | Depths:1 | Noticed a bone dragon
 16845 | Depths:1 | HP: 3/154 [reaper/+2 antimagic scythe[a doom hound] (15)]
 16846 | Depths:1 | Mangled by a bone dragon

Vanquished Creatures
  Rupert (D:13)
  3 fire giants (Depths:1)
  A tengu reaver (Depths:2)
  The ghost of sanka the Metamorph, a journeyman TrMo of the Shining One (Depths:1)
  A stone giant (Depths:1)
  A putrid mouth (Depths:1)
  4 spark wasps (Depths:1)
  3 fire dragons
  3 ettins (Depths:1)
  4 vault guards (D:13)
  A rakshasa (Depths:1)
  2 ice dragons (Depths:1)
  2 hydras
  2 centaur warriors
  2 death knights (D:15)
  4 two-headed ogres
  2 deep troll shamans (Depths:1)
  A boulder beetle (D:12)
  3 tengu warriors
  Urug (D:13)
  2 occultists
  2 deep elf knights (D:13)
  6 skeletal warriors
  An iron troll (Depths:1)
  2 deep trolls (Depths:1)
  Lodul (D:14)
  2 glowing orange brains (Depths:1)
  A phantasmal warrior (D:15)
  An orc knight (D:13)
  A deep elf pyromancer (D:14)
  An ugly thing (D:12)
  An orc sorcerer (D:13)
  3 manticores
  5 cyclopes
  A wolf spider (D:14)
  4 centaur zombies (D:14)
  A black mamba (shapeshifter) (D:14)
  2 gargoyles (D:13)
  2 unseen horrors (D:11)
  A cane toad (shapeshifter) (D:15)
  2 efreet (D:14)
  2 kobold demonologists (D:10)
  3 tengu conjurers
  4 freezing wraiths (D:15)
  A yaktaur (D:13)
  2 trolls
  2 hornets
  Sigmund (D:6)
  A meliai zombie (D:14)
  5 water elementals
  A jumping spider (shapeshifter) (D:15)
  2 wraiths (D:14)
  5 vampires
  4 shadows
  A yak (D:7)
  A basilisk (D:14)
  2 fire bats (Depths:1)
  3 humans
  A warg (D:10)
  2 steam dragons
  4 vampire mosquitoes (D:11)
  3 water moccasins
  An acid dragon (D:13)
  A black bear (D:5)
  A sky beast (D:6)
  An ice beast (D:8)
  3 orc warriors
  5 ogres (D:14)
  8 centaurs
  7 kobold brigands
  3 bullfrogs (D:9)
  4 scorpions
  A burial acolyte (D:8)
  9 killer bees
  5 electric eels (D:13)
  13 howler monkeys
  3 bullfrog zombies (Ossuary)
  A jelly (D:4)
  4 hounds
  7 orc priests
  4 bombardier beetles
  2 gnoll boudas (D:7)
  Jessica (D:3)
  8 mummies (Ossuary)
  3 iguanas (D:5)
  8 orc wizards
  2 sleepcaps
  Ijyb (D:3)
  2 killer bee zombies (Ossuary)
  2 crocodile zombies (Ossuary)
  5 hound zombies (Ossuary)
  Robin (D:3)
  10 adders
  12 gnolls
  7 river rats
  A river rat (shapeshifter) (D:13)
  A white imp (D:7)
  2 ufetubi (D:6)
  2 adder zombies (D:8)
  A dart slug (D:1)
  15 orcs
  5 bats
  10 endoplasms
  2 giant cockroaches
  7 hobgoblins
  4 quokkas
  9 ball pythons
  5 ball python zombies (Ossuary)
  2 frilled lizards
  10 goblins
  A jackal zombie (D:8)
  36 kobolds
  A quokka zombie (D:6)
  27 rats
  A rat zombie (D:6)
421 creatures vanquished.

Vanquished Creatures (others)
  An occultist (Depths:1)
1 creature vanquished.

Grand Total: 422 creatures vanquished
